 Dungeon Crawl Stone Soup version 0.25.0-11-g1f837a76a1 (webtiles) character file.

Game seed: 1974064130191287440

256 Aviak the Chiller (level 5, 0/41 HPs)
             Began as a Demonspawn Ice Elementalist on June 24, 2020.
             Slain by a bullfrog zombie (4 damage)
             ... on level 4 of the Dungeon.
             The game lasted 00:04:46 (4118 turns).

Aviak the Chiller (Demonspawn Ice Elementalist)     Turns: 4118, Time: 00:04:46

Health: 0/41       AC:  3    Str:  9    XL:     5   Next: 92%
Magic:  17/18      EV: 12    Int: 17    God:
Gold:   159        SH:  0    Dex: 13    Spells: 6/10 levels left

rFire    + . .     SeeInvis .   p - +0 hand axe (vorpal)
rCold    + . .     Gourm    .   (no shield)
rNeg     . . .     Faith    .   k - +0 leather armour
rPois    +         Spirit   .   (no helmet)
rElec    +         Reflect  .   (no cloak)
rCorr    +         Harm     .   (no gloves)
MR       .....                  (no boots)
Stlth    +.........             (no amulet)
HPRegen  0.13/turn              P - ring of poison resistance
MPRegen  0.16/turn              o - ring of magical power

@: resistant, lightly drained
A: hooves 2, demonic guardian 1
a: no special abilities


You were on level 4 of the Dungeon.
You were not hungry.

You visited 1 branch of the dungeon, and saw 4 of its levels.

You collected 159 gold pieces.

Inventory:

Hand Weapons
 p - a +0 vorpal hand axe (weapon)
 q - a +0 broad axe
Armour
 a - a +0 robe
 k - a +0 leather armour (worn)
Jewellery
 o - a ring of magical power (right hand)
 P - a ring of poison resistance (left hand)
Scrolls
 d - a scroll of teleportation {unknown}
 f - a scroll of enchant weapon {unknown}
 g - 6 scrolls of identify {unknown}
 h - 2 scrolls of remove curse {unknown}
 j - a scroll of blinking {unknown}
 l - a scroll of fog {unknown}
 n - 2 scrolls of magic mapping {unknown}
Potions
 b - a potion of resistance
 e - a potion of invisibility {unknown}
 i - a potion of ambrosia {unknown}
 m - a potion of brilliance {unknown}
Comestibles
 c - 6 rations


   Skills:
 + Level 3.1 Fighting
 + Level 2.7 Dodging
 - Level 1.7 Stealth
 - Level 3.0(2.9) Spellcasting
 + Level 4.8(4.7) Ice Magic


You had 6 spell levels left.
You knew the following spells:

 Your Spells              Type           Power        Failure   Level  Hunger
a - Freeze                Ice            ###.         3%          1    None
b - Frozen Ramparts       Ice            ###...       11%         3    ###....

Your spell library contained the following spells:

 Spells                   Type           Power        Failure   Level  Hunger
 Ozocubu's Armour         Chrm/Ice       ##......     28%         3    ###....
 Hailstorm                Conj/Ice       ##......     67%         4    ####...
 Summon Ice Beast         Ice/Summ       ##......     67%         4    ####...


Dungeon Overview and Level Annotations

Branches:
Dungeon (4/15)
 Temple: D:4-7

Altars:
Dithmenos
Sif Muna
Zin

Annotations:
D:3 1 runed translucent door, Kono's ghost, amateur FoAK


Innate Abilities, Weirdness & Mutations

You have hoof-like feet.
A weak demonic guardian rushes to your aid.


Message History

Okay, then.
Unknown command.
Unknown command.
The bullfrog zombie hits your white imp.
Your white imp dies!
The frozen ramparts melt away.
The bullfrog zombie hits you.
* * * LOW HITPOINT WARNING * * *
Unknown command.
You see here 2 chunks of flesh.
Your leather armour prevents you from hitting the bullfrog zombie.
The bullfrog zombie is almost destroyed.
The bullfrog zombie hits you!
* * * LOW HITPOINT WARNING * * *
The bullfrog zombie closely misses you.
Unknown command.
It was a potion of resistance.
You feel protected. The bullfrog zombie hits you.
You die...

##................(......#
#.....?.......#.#........#
#..........#..#.#..##.##.#
#...##..#.#..##.##.#
#...................
###.##..............
#..#..#....##.#... #
#Z.#..........#..#
#.#######@...##....##....#
##.........#..##....####..#
....................# #..#
..####.##.##.##....# #.!.
.............>###.#######.#
#######.##................#
###.##.##.............#
.....$.........#########
##########.#####


You could see a bullfrog zombie.

Vanquished Creatures
  2 orc priests (D:4)
  2 worker ants (D:4)
  7 adders
  An ooze (D:1)
  2 worms
  2 dart slugs
  5 leopard geckos
  2 orcs (D:4)
  A ball python (D:2)
  5 giant cockroaches
  3 goblins
  7 hobgoblins
  8 jackals (D:1)
  7 kobolds
  3 quokkas (D:3)
  A bat (D:2)
  7 frilled lizards
  A leopard gecko skeleton (D:4)
  7 rats
73 creatures vanquished.

Vanquished Creatures (others)
  2 withered plants (D:3)
2 creatures vanquished.

Grand Total: 75 creatures vanquished

Notes
Turn   | Place    | Note
-------+----------+-------------------------------------------
     0 | D:1      | Aviak the Demonspawn Ice Elementalist began the quest for
                  | the Orb.
     0 | D:1      | Reached XP level 1. HP: 13/13 MP: 3/3
   449 | D:1      | Gained mutation: You have large cloven feet. [demonic
                  | ancestry]
   449 | D:1      | Reached XP level 2. HP: 17/20 MP: 0/5
   533 | D:1      | Reached skill level 1 in Fighting
  1302 | D:1      | Gained mutation: A weak demonic guardian rushes to your
                  | aid. [demonic ancestry]
  1302 | D:1      | Reached XP level 3. HP: 23/26 MP: 4/6
  1525 | D:2      | Reached skill level 4 in Ice Magic
  1597 | D:2      | Found a glowing silver altar of Zin.
  1597 | D:2      | Found a shadowy altar of Dithmenos.
  1916 | D:2      | Learned a level 3 spell: Frozen Ramparts
  2035 | D:2      | Found a shimmering blue altar of Sif Muna.
  2332 | D:2      | Gained mutation: You have hoof-like feet. [demonic
                  | ancestry]
  2332 | D:2      | Reached XP level 4. HP: 26/33 MP: 4/8
  3057 | D:3      | Found a runed translucent door.
  3058 | D:3      | Noticed Kono's ghost (amateur FoAK)
  3708 | D:3      | Reached XP level 5. HP: 39/39 MP: 9/9
  4118 | D:4      | Slain by a bullfrog zombie

Illustrated notes

Levels and vault maps discovered:
D:1:      psy_arrival_radial02, layout_loops_ring
D:2:      layout_loops_cross, overflow_temple_1_default,
          gammafunk_temple_overflow_wave
D:3:      layout_basic, gammafunk_ghost_grave, minmay_randomly_rotated_circles
D:4:      layout_basic

Skill      XL: |  1  2  3  4  5 |
---------------+----------------+-----
Fighting       | 1 2 3 |  3.1
Ice Magic      | 4 |  4.8
Spellcasting   | 3 |  3.0
Dodging        | 2 |  2.7
Stealth        | |  1.7

Action                   |  1- 3 |  4- 6 || total
-------------------------+-------+-------++-------
Melee: Unarmed           |    46 |    10 ||    56
       Kick              |    11 |    18 ||    29
       Hand axe          |       |    71 ||    71
 Cast: Freeze            |    54 |     2 ||    56
       Frozen Ramparts   |     2 |     7 ||     9
  Use: Potion            |       |     1 ||     1
 Stab: Sleeping          |     1 |     1 ||     2
  Eat: Chunk             |     5 |     6 ||    11
Armor: Robe              |    12 |       ||    12
       Leather armour    |       |    16 ||    16
Dodge: Dodged            |    52 |    72 ||   124
